 Dungeon Crawl Stone Soup version 0.23-a0-607-g760965b (webtiles) character file.

10225 Lanoc the Cleaver (level 11, -1/92 HPs)
             Began as a Human Skald on Dec 20, 2018.
             Was a High Priest of Makhleb.
             Killed from afar by a gargoyle (17 damage)
             ... with a stone arrow
             ... on level 11 of the Dungeon.
             The game lasted 00:47:29 (9518 turns).

Lanoc the Cleaver (Human Skald)                     Turns: 9518, Time: 00:47:30

Health: -1/92      AC:  8    Str: 19    XL:     11   Next: 89%
Magic:  17/20      EV: 15    Int: 18    God:    Makhleb [*****.]
Gold:   811        SH:  0    Dex: 12    Spells: 13/22 levels left

rFire    . . .     SeeInvis .   t - +10 hand axe of Watchfulness {drain, +Inv Str+2 Int+3}
rCold    . . .     Gourm    .   (no shield)
rNeg     . . .     Faith    .   T - +0 troll leather armour
rPois    .         Spirit   .   (no helmet)
rElec    .         Reflect  +   (no cloak)
rCorr    .         Harm     .   r - +1 pair of gloves
MR       +....                  R - +0 pair of boots
Stlth    +.........             N - +2 amulet of reflection
HPRegen  0.65/turn              A - ring of protection from magic
MPRegen  0.17/turn              F - +3 ring of strength

@: confused, infused
A: robust 1, screaming 1, MP-powered wands
a: Minor Destruction, Lesser Servant of Makhleb, Major Destruction, Greater
Servant of Makhleb, Renounce Religion, Evoke Invisibility


You were on level 11 of the Dungeon.
You worshipped Makhleb.
Makhleb was extremely pleased with you.
You were not hungry.

You visited 1 branch of the dungeon, and saw 11 of its levels.
You also visited: Ossuary.

You collected 811 gold pieces.

Inventory:

Hand Weapons
 s - a cursed -1 broad axe
 t - the +10 hand axe of Watchfulness (weapon) {drain, +Inv Str+2 Int+3}
   (You found it on level 4 of the Dungeon)

   A truly terrible weapon, it drains the life of those it strikes.
   It affects your strength (+2).
   It affects your intelligence (+3).
   It lets you turn invisible.
 z - the +7 short sword "Byloq" {freeze, Dex+6}
   (You found it on level 6 of the Dungeon)

   It has been specially enchanted to freeze those struck by it, causing extra
   injury to most foes and up to half again as much damage against particularly
   susceptible opponents.
   It can also slow down cold-blooded creatures.
   It affects your dexterity (+6).
 E - a cursed -1 war axe
 K - a +4 shortbow of velocity
Missiles
 I - 20 throwing nets (quivered)
 L - 78 arrows
Armour
 r - a +1 pair of gloves (worn)
 D - a +2 leather armour of fire resistance
 R - a +0 pair of boots (worn)
 T - a +0 troll leather armour (worn)
Jewellery
 A - a ring of protection from magic (left hand)
 F - a +3 ring of strength (right hand)
 N - a +2 amulet of reflection (around neck)
Wands
 k - a wand of paralysis (8)
 w - a wand of iceblast (23)
 y - a wand of flame (14)
 J - a wand of polymorph (12)
 P - a wand of acid (10)
 S - a wand of random effects (25)
Scrolls
 b - 4 scrolls of holy word {unknown}
 c - a scroll of fear
 f - 6 scrolls of immolation
 g - 6 scrolls of remove curse
 h - 7 scrolls of teleportation
 l - 3 scrolls of enchant armour
 m - 2 scrolls of fog {unknown}
 n - 4 scrolls of enchant weapon
 p - 4 scrolls of magic mapping {unknown}
 v - a scroll of amnesia {unknown}
 B - a scroll of vulnerability {unknown}
 U - a scroll of summoning {unknown}
 W - 2 scrolls of torment {unknown}
 X - a scroll of silence {unknown}
Potions
 a - a potion of berserk rage
 e - 2 potions of invisibility
 i - 3 potions of curing
 j - a potion of agility
 o - 3 potions of haste
 q - 4 potions of flight
 x - a potion of mutation
 C - 3 potions of ambrosia
 H - 3 potions of heal wounds {unknown}
 O - a potion of lignification {unknown}
 Q - a potion of magic {unknown}
Miscellaneous
 V - a fan of gales
Comestibles
 d - 12 rations
 M - 27 chunks of flesh


   Skills:
 + Level 7.0 Fighting
   Level 3.9 Long Blades
 * Level 9.0 Axes
 + Level 6.8 Armour
 + Level 7.0 Dodging
 + Level 6.4 Spellcasting
 + Level 7.4 Charms
 + Level 0.3 Invocations


You had 13 spell levels left.
You knew the following spells:

 Your Spells              Type           Power        Failure   Level  Hunger
a - Infusion              Chrm           ####         1%          1    None
b - Song of Slaying       Chrm           ####....     1%          2    None
c - Regeneration          Chrm/Necr      ###.......   9%          3    ##.....
d - Spectral Weapon       Hex/Chrm       ###.....     9%          3    ##.....

Your spell library contained the following spells:

 Spells                   Type           Power        Failure   Level  Hunger
 Shroud of Golubria       Chrm/Tloc      ###.......   4%          2    None
 Beastly Appendage        Tmut           #.....       13%         1    None
 Confusing Touch          Hex            #.....       13%         1    None
 Magic Dart               Conj           #...         13%         1    None
 Searing Ray              Conj           #.....       21%         2    None
 Sticks to Snakes         Tmut           #.......     21%         2    None
 Confuse                  Hex            #.......     36%         3    ##.....
 Dazzling Spray           Conj/Hex       #.....       36%         3    ##.....
 Gell's Gravitas          Tloc           #.........   36%         3    ##.....
 Spider Form              Tmut/Pois      #.........   36%         3    ##.....
 Force Lance              Conj/Tloc      #.......     78%         4    ####...
 Fulminant Prism          Conj/Hex       #.........   78%         4    ####...
 Ice Form                 Ice/Tmut       #.......     78%         4    ####...
 Iskenderun's Mystic Bla  Conj           #.......     78%         4    ####...
 Petrify                  Tmut/Erth      #.......     78%         4    ####...
 Blade Hands              Tmut           #.........   98%         5    #####..
 Metabolic Englaciation   Hex/Ice        #.........   98%         5    #####..
 Yara's Violent Unravell  Hex/Tmut       #.........   98%         5    #####..


Dungeon Overview and Level Annotations

Branches:
Dungeon (11/15)            Temple (0/1) D:5            Lair (0/6) D:8
    Orc (0/2) D:10

Altars:
Gozag
Hepliaklqana
Makhleb
Okawaru
Qazlal
Uskayaw
Wu Jian
Yredelemnul

Shops:
D:6 =   D:9 (


Innate Abilities, Weirdness & Mutations

You are robust. (+10% HP)
You occasionally shout uncontrollably at your foes.
You expend magic power (3 MP) to strengthen your wands.


Message History

You hit the gargoyle but do no damage.
The gargoyle is heavily damaged.
You hit the gargoyle.
The gargoyle is severely damaged.
The gargoyle hits you with a +0 mace.
* * * LOW HITPOINT WARNING * * *
You completely miss the gargoyle.
The gargoyle is severely damaged.
The gargoyle hurls a stone arrow at you.
The stone arrow misses you.
You hit the gargoyle but do no damage.
The gargoyle is severely damaged.
The gargoyle hurls a stone arrow at you.
The stone arrow hits you!
* * * LOW HITPOINT WARNING * * *
You are confused.
You feel invigorated.
The gargoyle hurls a stone arrow at you.
The stone arrow hits you!
You die...

.# #.#
#.........# ..
..# #..#......#
### ###
#..#.....##
#..#.#...## .
#.........# ..##
#.<.......#
.....###.......#
#............#
#....@.<.....#
#...>.9........#
###...[........#
#.....########
.....### #####.
.. .##


You could see a gargoyle.

Vanquished Creatures
  2 two-headed ogres (D:8)
  An unseen horror (D:10)
  The ghost of galech the Chopper, a novice DsFi of Okawaru (D:5)
  A cyclops (D:10)
  Psyche (D:10)
  3 trolls
  3 hippogriffs
  A wraith (D:7)
  Sigmund (D:3)
  3 hungry ghosts
  3 ice beasts
  A water moccasin (D:9)
  2 hornet zombies
  A black bear (D:8)
  An orc warrior (D:9)
  A sky beast (D:11)
  A necrophage (D:8)
  A phantom (D:9)
  4 wolves (D:8)
  4 centaurs
  3 ogres (D:10)
  A crocodile (D:9)
  8 bullfrogs
  A scorpion (D:10)
  2 troll zombies (D:7)
  15 killer bees
  5 wights
  6 howler monkeys
  3 crimson imps
  A jelly (D:8)
  5 hounds
  10 orc wizards
  A centaur zombie (D:6)
  3 human zombies (D:7)
  6 orc priests
  2 centaur skeletons
  Natasha (twice) (D:2)
  A human skeleton (D:7)
  An iguana (D:8)
  12 worker ants
  A killer bee zombie (D:7)
  3 big kobold zombies (Ossuary)
  An ogre zombie (D:7)
  A hound skeleton (D:5)
  8 mummies
  A worker ant zombie (D:10)
  3 gnolls (D:4)
  6 adders
  2 shadow imps
  2 oozes
  2 adder skeletons
  An adder zombie (D:5)
  3 worms (D:2)
  2 dart slugs (D:1)
  6 leopard geckos
  51 orcs
  2 ball pythons
  2 giant cockroaches
  4 goblins
  6 hobgoblins
  6 kobolds
  3 quokkas
  10 bats
  5 frilled lizards
  A giant cockroach zombie (D:5)
  5 hobgoblin zombies (Ossuary)
  A quokka skeleton (D:6)
  3 rats (D:1)
265 creatures vanquished.

Vanquished Creatures (others)
  5 toadstools (D:4)
5 creatures vanquished.

Grand Total: 270 creatures vanquished

Notes
Turn   | Place    | Note
-------+----------+-------------------------------------------
     0 | D:1      | Lanoc the Human Skald began the quest for the Orb.
     0 | D:1      | Reached XP level 1. HP: 16/16 MP: 3/3
   137 | D:1      | Reached XP level 2. HP: 22/22 MP: 5/5
  1026 | D:1      | Reached XP level 3. HP: 26/27 MP: 6/6
  1106 | D:2      | Found a burning altar of Makhleb.
  1117 | D:2      | Became a worshipper of Makhleb the Destroyer
  1504 | D:2      | Reached XP level 4. HP: 18/33 MP: 2/7
  1676 | D:2      | Noticed Natasha
  1683 | D:2      | Killed Natasha
  1733 | D:2      | Noticed Natasha
  1744 | D:2      | Killed Natasha
  1744 | D:2      | Reached XP level 5. HP: 22/39 MP: 3/8
  2093 | D:3      | Noticed Sigmund
  2104 | D:3      | Killed Sigmund
  2104 | D:3      | Reached XP level 6. HP: 25/46 MP: 3/10
  2113 | D:3      | Learned a level 2 spell: Song of Slaying
  2117 | D:3      | Learned a level 3 spell: Regeneration
  2359 | D:3      | Found a faded altar of an unknown god.
  2594 | D:3      | Reached * piety under Makhleb
  3115 | D:4      | Got a smoking hand axe
  3116 | D:4      | Identified the +10 hand axe of Watchfulness {drain, +Inv
                  | Str+2 Int+3} (You found it on level 4 of the Dungeon)
  3202 | D:4      | Found an iron altar of Okawaru.
  3379 | D:4      | Found a hide-covered altar of Uskayaw.
  3436 | D:4      | Found a stormy altar of Qazlal.
  3532 | D:4      | Reached skill level 1 in Axes
  3532 | D:4      | Reached XP level 7. HP: 42/52 MP: 11/11
  3646 | D:5      | Entered Level 5 of the Dungeon
  3646 | D:5      | Found a runed gate.
  3646 | D:5      | Found a runed gate.
  3646 | D:5      | Found a runed gate.
  3650 | D:5      | Noticed galech's ghost (novice DsFi)
  3693 | D:5      | Found a staircase to the Ecumenical Temple.
  3743 | D:5      | Found an ornate altar of the Wu Jian Council.
  3789 | D:5      | Reached skill level 2 in Axes
  3900 | D:5      | Reached XP level 8. HP: 33/58 MP: 12/12
  4258 | D:6      | Got a translucent short sword
  4283 | D:6      | Reached skill level 3 in Axes
  4653 | D:5      | Reached ** piety under Makhleb
  4659 | D:5      | HP: 1/60 [galech's ghost (9)]
  4665 | D:5      | Killed galech's ghost
  4665 | D:5      | Reached skill level 4 in Axes
  4665 | D:5      | Reached skill level 5 in Charms
  4665 | D:5      | Reached XP level 9. HP: 31/66 MP: 4/15
  5060 | D:6      | Found Kaaptu's Jewellery Emporium.
  5108 | D:6      | Reached skill level 5 in Axes
  5396 | D:7      | Identified the +7 short sword "Byloq" {freeze, Dex+6} (You
                  | found it on level 6 of the Dungeon)
  5889 | D:7      | Reached skill level 5 in Fighting
  5889 | D:7      | Reached skill level 5 in Dodging
  5903 | D:7      | Found a basalt altar of Yredelemnul.
  6414 | D:8      | Reached XP level 10. HP: 25/74 MP: 9/17
  6435 | D:8      | Reached skill level 6 in Axes
  6440 | D:8      | Reached skill level 5 in Armour
  6455 | D:8      | Found an opulent altar of Gozag.
  6468 | D:8      | Found a sand-covered staircase.
  6639 | Ossuary  | Entered an ossuary
  6685 | Ossuary  | Reached *** piety under Makhleb
  6877 | D:8      | Noticed a two-headed ogre
  6881 | D:8      | Reached skill level 5 in Spellcasting
  6889 | D:8      | Killed a two-headed ogre
  6889 | D:8      | Reached skill level 7 in Axes
  7140 | D:8      | Noticed a two-headed ogre
  7152 | D:8      | Killed a two-headed ogre
  7470 | D:8      | Found a staircase to the Lair.
  7499 | D:8      | Reached XP level 11. HP: 65/81 MP: 15/19
  7980 | D:9      | Found Wiam Teo's Antique Weapon Boutique.
  8118 | D:9      | Reached skill level 8 in Axes
  8182 | D:9      | Reached **** piety under Makhleb
  8316 | D:9      | Found a hazy altar of Hepliaklqana.
  8448 | D:10     | Entered Level 10 of the Dungeon
  8623 | D:10     | Noticed a cyclops
  8633 | D:10     | Killed a cyclops
  8663 | D:10     | Gained mutation: You occasionally shout uncontrollably at
                  | your foes. [potion of mutation]
  8663 | D:10     | Gained mutation: You expend magic power (3 MP) to
                  | strengthen your wands. [potion of mutation]
  8663 | D:10     | Gained mutation: You are robust. (+10% HP) [potion of
                  | mutation]
  8679 | D:10     | Killed an unseen horror
  8724 | D:10     | Noticed Psyche
  8769 | D:10     | Reached ***** piety under Makhleb
  8899 | D:10     | Found a staircase to the Orcish Mines.
  9090 | D:10     | Killed Psyche
  9291 | D:11     | Reached skill level 9 in Axes
  9378 | D:11     | Learned a level 3 spell: Spectral Weapon
  9518 | D:11     | Killed from afar by a gargoyle

Vault maps used:
D:1:      nagdon_arrival_double_spiral
D:2:      bloody_makhleb, dk_noncrumbling_3, minmay_tromino_i4, uniq_natasha
D:3:      chequers_ecumenical_altar_grove, first_ration, uniq_sigmund
D:4:      overflow_temple_1_default, kennysheep_mini, kennysheep_mini_moat,
          minmay_gold_behind_fungi
D:5:      old_standard_altar, minmay_temple_entry_poolview,
          gammafunk_ghost_necromancy, grunt_ministairs_2
D:6:      serial_shops, shop, kennysheep_generic_room_6
D:7:      lemuel_mausoleum_altar_yredelemnul
D:8:      erik_lair_island, enter_ossuary_5, serial_curves, eino_curves_04,
          eino_curves_04, basic_altar
D:9:      overflow_temple_1_default, serial_shops, shop, eino_jars
D:10:     hiddenorc2_lemuel, uniq_psyche
Ossuary:  ossuary_the_hunt_dpeg

Skill      XL: |  1  2  3  4  5  6  7  8  9 10 11 |
---------------+----------------------------------+-----
Long Blades    | 3 |  3.9
Armour         | 2 3 4 5 6 |  6.8
Dodging        | 3 4 5 6 7 |  7.0
Fighting       | 3 4 5 6 7 |  7.0
Axes           | 1 2 4 5 7 9 |  9.0
Charms         | 4 5 6 7 |  7.4
Spellcasting   | 3 4 5 6 |  6.4
Invocations    | |  0.3

Action                   |  1- 3 |  4- 6 |  7- 9 | 10-12 || total
-------------------------+-------+-------+-------+-------++-------
Melee: Falchion          |   111 |    87 |       |       ||   198
       Hand axe          |       |    25 |   195 |   346 ||   566
       Long sword        |       |     7 |       |       ||     7
 Cast: Infusion          |     3 |     5 |     8 |    23 ||    39
       Song of Slaying   |       |       |     4 |    15 ||    19
  Use: Scroll            |       |       |     9 |     5 ||    14
       Potion            |       |       |     5 |     4 ||     9
 Stab: Sleeping          |       |     1 |       |       ||     1
  Eat: Chunk             |     2 |     7 |     9 |    13 ||    31
       Ration            |       |       |     1 |       ||     1
Armor: Leather armour    |    31 |    17 |    34 |    47 ||   129
       Troll leather arm |       |       |       |    42 ||    42
Dodge: Dodged            |    96 |    83 |   135 |   265 ||   579
Block: Other             |       |       |       |    14 ||    14
       Rpst.: Falchion   |    30 |    14 |       |       ||    44
       Long sword        |       |     1 |       |       ||     1

Table legend:
 A = Non-vault XP
 B = Vault XP
 C = Vault XP percentage of total XP
 D = Non-vault monster count
 E = Vault monster count
 F = Vault count percentage of total count
                 A         B        C        D         E       F
            +---------+---------+-------+---------+---------+-------
      Total |   10688 |    3920 |  26.8 |     183 |      82 |  30.9
            +---------+---------+-------+---------+---------+-------
        D:1 |      29 |       0 |   0.0 |      16 |       0 |   0.0
        D:2 |      77 |      45 |  36.9 |      15 |       4 |  21.1
        D:3 |      25 |     212 |  89.5 |      14 |       1 |   6.7
        D:4 |     168 |       0 |   0.0 |      13 |       0 |   0.0
        D:5 |     391 |     774 |  66.4 |      12 |       5 |  29.4
        D:6 |     878 |      88 |   9.1 |      21 |       2 |   8.7
        D:7 |     329 |     641 |  66.1 |       5 |      12 |  70.6
        D:8 |    3469 |     765 |  18.1 |      26 |       5 |  16.1
        D:9 |    1039 |     433 |  29.4 |      19 |       7 |  26.9
       D:10 |    2914 |     789 |  21.3 |      20 |      33 |  62.3
       D:11 |    1369 |       0 |   0.0 |      22 |       0 |   0.0
    Ossuary |       0 |     173 | 100.0 |       0 |      13 | 100.0
            +---------+---------+-------+---------+---------+-------
